 Dungeon Crawl Stone Soup version 0.31-a0-799-g6bc09d010c (webtiles) character file.

Game seed: 8451995142929409079

28 Maratek the Firebug (level 2, 0/15 HPs)
             Began as a Deep Elf Fire Elementalist on Sept 18, 2023.
             Succumbed to an adder's poison
             ... on level 2 of the Dungeon on Sept 19, 2023.
             The game lasted 00:02:46 (935 turns).

Maratek the Firebug (Deep Elf Fire Elementalist)     Turns: 935, Time: 00:02:47

Health: 0/15       AC:  2    Str:  5    XL:     2   Next: 96%
Magic:  0/8        EV: 13    Int: 19    God:
Gold:   88         SH:  0    Dex: 15    Spells: 5/8 levels left

rFire   . . .        (no weapon)
rCold   . . .        (no shield)
rNeg    . . .        a - +0 robe
rPois   .            (no helmet)
rElec   .            (no cloak)
rCorr   .            (no gloves)
SInv    +            (no boots)
Will    .....        (no amulet)
Stlth   ++           g - ring of see invisible
HPRegen 0.22/turn    (no ring)
MPRegen 0.11/turn

%: no passive effects
@: lethally poisoned (0 -> -6)
A: no striking features
a: no special abilities


You were on level 2 of the Dungeon.
You visited 1 branch of the dungeon, and saw 2 of its levels.

You collected 88 gold pieces.

Inventory:

Armour
 a - a +0 robe (worn)
Jewellery
 g - a ring of see invisible (left hand)
 h - a ring of fire
Scrolls
 c - a scroll of immolation {unknown}
 d - a scroll of identify {unknown}
Potions
 b - a potion of magic
 e - a potion of attraction {unknown}
 f - a potion of degeneration {unknown}


   Skills:
 + Level 2.9 Dodging
 + Level 2.4 Stealth
 + Level 3.5 Spellcasting
 + Level 1.4 Conjurations
 + Level 3.8 Fire Magic


You had 5 spell levels left.
You knew the following spells:

 Your Spells              Type           Power      Damage    Failure   Level
a - Foxfire               Conj/Fire      52%        2x1d6     4%          1
b - Scorch                Fire           36%        2d6       4%          2

Your spell library contained the following spells:

 Spells                   Type           Power      Damage    Failure   Level
 Inner Flame              Hex/Fire       10%        N/A       21%         3
 Volatile Blastmotes      Fire/Tloc      20%        2d11      21%         3
 Wereblood                Tmut           3%         N/A       22%         2
 Flame Wave               Conj/Fire      13%        2d6       43%         4
 Irradiate                Conj/Tmut      3%         3d12      96%         5


Dungeon Overview and Level Annotations

Branches:
Dungeon (2/15)

Altars:

Annotations:
D:1 2 transporters


Message History

The endoplasm freezes you.
You are frozen.
* * * LOW HITPOINT WARNING * * *
You feel sick.
You are no longer poisoned.
The adder bites you but does no damage. The kobold closely misses you.
The endoplasm misses you.
Found a stone staircase leading down.
The frilled lizard attacks as it pursues you!
The frilled lizard misses you.
A kobold comes into view. It is wielding a +0 club.
The kobold shouts!
The kobold attacks as it pursues you! The kobold barely misses you.
The frilled lizard closely misses you. The adder bites you.
* * * LOW HITPOINT WARNING * * *
The kobold misses you. The adder barely misses you.
Found a scroll labelled GOAGRU LAELUL.
Casting: Foxfire (safe; 4% risk of failure)
Confirm with . or Enter, or press ? or * to list all spells.
You conjure some foxfire!
The foxfire hits the adder.
The adder is moderately wounded.
The foxfire hits the adder.
The adder is almost dead.
The adder barely misses you. The adder attacks as it pursues you!
The adder bites you but does no damage. The adder barely misses you.
Found 10 gold pieces.
Casting: Foxfire (safe; 4% risk of failure)
Confirm with . or Enter, or press ? or * to list all spells.
You conjure some foxfire!
The adder completely misses you. The adder bites you.
* * * LOW HITPOINT WARNING * * *
You are lethally poisoned!
The adder poisons you!
The frilled lizard hisses.
The adder barely misses you.
Welcome back, Maratek the Deep Elf Fire Elementalist.
Press ? for a list of commands and other information.
You die...

#. .. .# $ . ##. #.
#.. #.##.# .. ....#
K# #..# .. #v@##
.### #v.?# ..# ##SS#
#.# #lJ###
#.#####....#
####..KJ.K.##....#
##......##..>###..#
##..........#...# .#
#..........####.....


You could see 2 adders, an endoplasm, a kobold and a frilled lizard.

Vanquished Creatures
  2 dart slugs (D:1)
  4 bats (D:1)
  An endoplasm (D:1)
  4 giant cockroaches
  3 goblins (D:1)
  A kobold (D:1)
  A quokka (D:1)
  3 ball pythons (D:1)
  A rat (D:1)
20 creatures vanquished.

Vanquished Creatures (others)
  34 foxfires
34 creatures vanquished.

Grand Total: 54 creatures vanquished

Notes
Turn   | Place    | Note
-------+----------+-------------------------------------------
     0 | D:1      | Maratek the Deep Elf Fire Elementalist began the quest for
                  | the Orb.
     0 | D:1      | Reached XP level 1. HP: 10/10 MP: 6/6
   211 | D:1      | Reached XP level 2. HP: 15/15 MP: 0/8
   304 | D:1      | Learned a level 2 spell: Scorch
   935 | D:2      | Upgraded the game from 0.31-a0-795-g5eb97db20b to
                  | 0.31-a0-799-g6bc09d010c
   935 | D:2      | Succumbed to an adder's poison

Illustrated notes

Levels and vault maps discovered:
D:1:      spicycebolla_arrival_transporter_tutorial, layout_rooms
D:2:      layout_rooms, shapermc_ecumenical_altar_ellora,
          minmay_rat_gold_closets

Action                     || total
---------------------------++-------
  Melee: Unarmed           ||     3
   Cast: Foxfire           ||    27
         Scorch            ||    14
 Armour: Robe              ||    13
  Dodge: Dodged            ||    25

Table legend: (Time is in decaauts)
 A = Elapsed time spent in this place.
 B = Non-inter-level travel time spent in this place.
 C = Inter-level travel time spent in this place.
 D = Time resting spent in this place.
 E = Time spent auto-exploring this place.
 F = Levels seen in this place.
 G = Mean time per level.
                   A        B        C        D        E       F      G
               +--------+--------+--------+--------+--------+-----+--------+
         Total |    936 |    899 |     37 |      0 |    758 |   2 |  468.0 |
       Dungeon |    936 |    899 |     37 |      0 |    758 |   2 |  468.0 |
               +--------+--------+--------+--------+--------+-----+--------+

Top non-repeatable levels by time:
     D:1: 895 daAuts
     D:2: 40 daAuts
